 Dungeon Crawl Stone Soup version 0.20.1-1-g8b1a95d (webtiles) character file.

245 empire the Bolt Thrower (level 5, 0/61 HPs)
             Began as a Centaur Hunter on Aug 22, 2017.
             Succumbed to an orc wizard's poison
             ... on level 3 of the Dungeon.
             The game lasted 00:07:07 (3276 turns).

empire the Bolt Thrower (Centaur Hunter)            Turns: 3276, Time: 00:07:08

Health: 0/61       AC: 22    Str: 15    XL:     5   Next: 84%
Magic:  5/5        EV:  1    Int: 15    God:
Gold:   121        SH:  0    Dex: 10    Spells: 4/4 levels left

rFire    . . .     SeeInvis +   b - +0 short sword
rCold    . . .     Gourm    .   (no shield)
rNeg     + + +     Faith    .   (armour currently unavailable)
rPois    +         Spirit   .   (helmet currently unavailable)
rElec    .         Reflect  .   (cloak currently unavailable)
rCorr    .         Harm     .   (gloves currently unavailable)
MR       .....     NoTele   +   (no barding)
Stlth    ++........             v - amulet of regeneration
Regen    0.6/turn               e - +5 ring of intelligence
MPRegen  0.1/turn               t - ring of see invisible

@: lethally poisoned (0 -> -6), tree-form, very slightly contaminated, invisible
A: no striking features
a: no special abilities


You were on level 3 of the Dungeon.
You were hungry.
You were a tree.
You visited 1 branch of the dungeon, and saw 3 of its levels.

You collected 121 gold pieces.

Inventory:

Hand Weapons
 a - a +1 hand crossbow
 b - a +0 short sword (weapon)
Missiles
 m - 22 arrows
Armour
 c - a +0 leather armour (melded)
 j - a +0 chain mail
 k - a +0 ring mail
Jewellery
 e - a +5 ring of intelligence (left branch)
 t - a ring of see invisible (right branch)
 v - an amulet of regeneration (around neck)
 w - an uncursed amulet of rage {unknown}
Scrolls
 h - 4 scrolls of identify {unknown}
 i - a scroll of recharging {unknown}
 l - 2 scrolls of amnesia {unknown}
 o - a scroll of fear {unknown}
 r - 2 scrolls of enchant armour {unknown}
 x - a scroll of teleportation {unknown}
 y - a scroll of random uselessness {unknown}
 A - a scroll of enchant weapon {unknown}
Comestibles
 f - 3 bread rations
 g - a royal jelly
 n - 2 fruits
 u - 2 meat rations


   Skills:
 - Level 2.0 Fighting
 + Level 5.9 Crossbows
 + Level 3.1 Dodging
 - Level 1.6 Stealth


You had 4 spell levels left.
You didn't know any spells.

Dungeon Overview and Level Annotations

Branches:
Dungeon (3/15)

Altars:
Gozag
Hepliaklqana
Vehumet
Xom

Annotations:
D:2 Sigmund


Innate Abilities, Weirdness & Mutations

((You have hooves in place of feet.))
((Armour fits poorly on your strangely shaped body.))
((You cover ground very quickly.))
((You have extremely tough skin. (AC +3)))


Message History

You feel sick.
The orc wizard points at you and mumbles some strange words.
The puff of flame hits you!
The orc wizard hits you but does no damage.
You hit the orc wizard but do no damage.
* * * LOW HITPOINT WARNING * * *
You feel sick.
The orc wizard hits you but does no damage.
You closely miss the orc wizard.
* * * LOW HITPOINT WARNING * * *
You feel sick.
The orc wizard hits you but does no damage.
You are more poisoned.
You barely miss the orc wizard.
* * * LOW HITPOINT WARNING * * *
You feel sick.
The orc wizard gestures at you while chanting.
The magic dart hits you!
You barely miss the orc wizard.
You die...

#.#.#.####.##..##.###
#.#........##..##...#
#.###.#######..######
#.###.# #.......# #.....#
#.####### ####### #.# #.#
#.# #♣# #o# ######(## ###
#.......## ##.##
#.##.....########o##
##.#.####[###....(..(ooo.oo#
#.#.#.....# ##.##########o.#
##.#.###### #.# ...
##.###.## #.# .


You could see an orc wizard.

Vanquished Creatures
  An orc wizard (D:3)
  2 orc priests (D:3)
  3 gnolls (D:2)
  7 adders
  3 worms
  3 dart slugs
  5 orcs (D:3)
  A ball python (D:2)
  5 bats
  2 giant cockroaches (D:2)
  6 goblins
  A hobgoblin (D:1)
  3 jackals (D:2)
  2 frilled lizards (D:2)
  11 kobolds
  7 rats
62 creatures vanquished.

Vanquished Creatures (others)
  An orc wizard (D:3)
1 creature vanquished.

Grand Total: 63 creatures vanquished

Notes
Turn   | Place    | Note
-------+----------+-------------------------------------------
     0 | D:1      | empire the Centaur Hunter began the quest for the Orb.
     0 | D:1      | Reached XP level 1. HP: 17/17 MP: 1/1
    54 | D:1      | Found a shimmering altar of Xom.
   293 | D:1      | Reached XP level 2. HP: 24/24 MP: 2/2
   949 | D:2      | Found a radiant altar of Vehumet.
   949 | D:2      | Noticed Sigmund
  1294 | D:2      | Reached skill level 1 in Stealth
  1305 | D:2      | Reached XP level 3. HP: 23/29 MP: 3/3
  1855 | D:2      | Reached skill level 5 in Crossbows
  1859 | D:2      | Reached XP level 4. HP: 18/36 MP: 4/4
  2609 | D:3      | Found an opulent altar of Gozag.
  2658 | D:3      | Found a hazy altar of Hepliaklqana.
  2864 | D:3      | Reached XP level 5. HP: 33/41 MP: 5/5
  2889 | D:3      | HP: 2/41 [poisoned by an adder]
  3273 | D:3      | HP: 3/61 [poisoned by an orc wizard]
  3276 | D:3      | Succumbed to an orc wizard's poison

Skill      XL: |  1  2  3  4  5 |
---------------+----------------+-----
Dodging        | 2 3 |  3.1
Stealth        | 1 |  1.6
Crossbows      | 5 |  5.9
Fighting       | |  2.0

Action                   |  1- 3 |  4- 6 || total
-------------------------+-------+-------++-------
Melee: Short sword       |    40 |    83 ||   123
       Kick              |    10 |    11 ||    21
 Fire: Hand crossbow     |    50 |    39 ||    89
  Use: Potion            |       |     3 ||     3
 Stab: Sleeping          |       |     1 ||     1
  Eat: Chunk             |     2 |     3 ||     5
Armor: Leather armour    |    26 |    35 ||    61
       Skin              |       |     5 ||     5
Dodge: Dodged            |    34 |    59 ||    93
